Description

Marauder push on 6:20

Replay - Cure v ShoWTimE: Game 2 - Blueshift LE

Build Order

Get SALT Encoding   

  12  0:00  SCV  
  13  0:13  SCV  
  14  0:17  Supply Depot  
  14  0:25  SCV  
  15  0:38  SCV  
  15  0:40  Barracks  
  16  0:42  Refinery  
  16  0:50  SCV  
  17  1:02  SCV  
  18  1:14  SCV  
  19  1:26  Reaper  
  19  1:27  Orbital Command  
  20  1:43  Command Center  
  20  1:49  Supply Depot  
  20  1:52  SCV  
  21  1:55  Refinery  
  21  1:58  Reaper  
  22  2:04  SCV  
  23  2:16  SCV  
  23  2:20  Factory  
  25  2:31  Barracks Tech Lab  
  25  2:35  Barracks  
  27  2:58  Barracks  
  28  3:08  Barracks Reactor  
  28  3:10  Orbital Command  
  28  3:11  Cyclone  
  31  3:22  Barracks Tech Lab  
  33  3:43  Marine x3  
  33  3:44  Stimpack  
  33  3:47  Siege Tank  
  40  3:54  Barracks Tech Lab  
  41  4:01  Marine x3  
  41  4:02  Supply Depot  
  45  4:12  Combat Shield  
  45  4:16  Supply Depot  
  47  4:25  Engineering Bay  
  47  4:28  Refinery, Marauder x2  
  52  4:38  Supply Depot  
  54  4:50  Marauder  
  54  4:52  Terran Infantry Weapons Level 1, Missile Turret  
  57  4:58  Marauder  
  60  5:00  Starport  
  60  5:03  Factory Reactor  
  62  5:12  Marauder  
  64  5:19  Marauder, Marine x2  
  70  5:35  Marauder  
  70  5:40  Marine x2  
  70  5:41  Marauder  
  74  5:48  Factory Reactor  
  74  5:50  Medivac x2  
  78  5:57  Marauder x2  
  82  6:21  Barracks Tech Lab  
  82  6:22  Medivac x2  
  92  6:31  Widow Mine x2  
  96  6:33  Concussive Shells, Command Center  
  102  6:49  Barracks x2  
  102  6:53  Refinery  
  102  7:02  Widow Mine x2  
Spawning Tool Build Advisor. Get it on Overwolf

Analysis

very good pysh

Go to:

Details

  • Created by: ALLSEE
  • Published on: Jan 27, 2019
  • Modified on: Jan 27, 2019
  • Patch: 4.7.1
Show
View Real Time Build Order
Export as new Build Order

Comments (0)

There are no comments. Be the first!

Create an account to comment!